TOP OF THE 1ST |
Rocky Point HS Eagles batting - Pitching for Billings West HS Golden Bears : RHP Scott Roe
|
Pitching: RHP Scott Roe
|
|
Batting: RHB Joe Lewis
|
0-0: Ball 1-0: Called Strike 1-1: Swinging Strike 1-2: Foul Ball, location: 2F 1-2: Ball 2-2: SINGLE (Flyball, 9LS)
|
Batting: LHB Will Robinson
|
0-0: Swinging Strike 0-1: Grounds into double play, 6-4-3 (Groundball, 6M)
|
Batting: SHB Josh Conner
|
0-0: Ball 1-0: Swinging Strike 1-1: Foul Ball, location: 2F 1-2: SINGLE (Groundball, 4MD)
|
Batting: RHB Jason Fuller
|
0-0: Called Strike 0-1: Ball 1-1: Foul Ball, location: 2F 1-2: Ball 2-2: Strikes out looking
|
Top of the 1st over - 0 run(s), 2 hit(s), 0 error(s), 1 left on base; Rocky Point HS 0 - Billings West HS 0 |
BOTTOM OF THE 1ST |
Billings West HS Golden Bears batting - Pitching for Rocky Point HS Eagles : LHP Cy Rowland
|
Pitching: LHP Cy Rowland
|
|
Batting: RHB Dennis Garner
|
0-0: Called Strike 0-1: Ball 1-1: SINGLE (Line Drive, 4MD)
|
Batting: RHB Henry Gregory
|
0-0: Ball 1-0: Ball 2-0: Ball 3-0: Foul Ball, location: 2F 3-1: Foul Ball, location: 2F 3-2: Strikes out looking Dennis Garner steals 2nd base Batter strikes out.
|
Batting: RHB Cole Boehmer
|
0-0: Ball 1-0: Ball 2-0: Ball 3-0: Base on Balls
|
Batting: LHB Duane Lemay
|
0-0: Ball 1-0: Ball 2-0: Swinging Strike 2-1: Foul Ball, location: 2F 2-2: Ball 3-2: Base on Balls Dennis Garner to third Cole Boehmer to second
|
Batting: RHB Chris Hall
|
0-0: Called Strike 0-1: Swinging Strike 0-2: Ball 1-2: Strikes out looking
|
Batting: LHB Andrew Holt
|
0-0: Called Strike 0-1: Foul Ball, location: 2F 0-2: Ball 1-2: Foul Ball, location: 2F 1-2: Ball 2-2: Ball 3-2: DOUBLE (Line Drive, 9LS) Dennis Garner scores Cole Boehmer scores Duane Lemay to third Duane Lemay scores
|
Batting: RHB Bill Reed
|
0-0: Ball 1-0: Called Strike 1-1: Ball 2-1: Ground out 6-3 (Groundball, 6)
|
Bottom of the 1st over - 3 run(s), 2 hit(s), 0 error(s), 1 left on base; Rocky Point HS 0 - Billings West HS 3 |
TOP OF THE 2ND |
Rocky Point HS Eagles batting - Pitching for Billings West HS Golden Bears : RHP Scott Roe
|
Batting: RHB Jim Sharry
|
0-0: Ball 1-0: Foul Ball, location: 2F 1-1: Ground out 5-3 (Groundball, 5S)
|
Batting: SHB Ralph Marshall
|
0-0: Fly out, F8 (Flyball, 8LM)
|
Batting: SHB Jean-François St-Amant
|
0-0: Ball 1-0: Called Strike 1-1: Foul Ball, location: 2F 1-2: SINGLE (Groundball, 56D) (infield hit)
|
Batting: LHB Tom York
|
0-0: SINGLE (Line Drive, 78S) Jean-François St-Amant to second
|
Batting: RHB Bill Bourland
|
0-0: Ball 1-0: Foul Ball, location: 2F 1-1: Called Strike 1-2: Ball 2-2: Foul Ball, location: 2F 2-2: Foul Ball, location: 2F 2-2: Ball 3-2: Foul Ball, location: 2F 3-2: Strikes out swinging
|
Top of the 2nd over - 0 run(s), 2 hit(s), 0 error(s), 2 left on base; Rocky Point HS 0 - Billings West HS 3 |
BOTTOM OF THE 2ND |
Billings West HS Golden Bears batting - Pitching for Rocky Point HS Eagles : LHP Cy Rowland
|
Batting: SHB Ray O'Dell
|
0-0: Ball 1-0: Ball Reached via error on a dropped throw, E3
|
Batting: RHB Jason Nava
|
0-0: Ball 1-0: Ball 2-0: Ball 3-0: Called Strike 3-1: Called Strike 3-2: Foul Ball, location: 2F 3-2: Foul Ball, location: 2F 3-2: Strikes out swinging
|
Batting: RHB Dennis Garner
|
0-0: Fly out, F7 (Flyball, 78M)
|
Batting: RHB Henry Gregory
|
0-0: Ball 1-0: Ball 2-0: SINGLE (Line Drive, 89S) Ray O'Dell to second
|
Batting: RHB Cole Boehmer
|
0-0: Called Strike 0-1: Ball 1-1: Swinging Strike 1-2: Fly out, F7 (Flyball, 78M)
|
Bottom of the 2nd over - 0 run(s), 1 hit(s), 1 error(s), 2 left on base; Rocky Point HS 0 - Billings West HS 3 |
TOP OF THE 3RD |
Rocky Point HS Eagles batting - Pitching for Billings West HS Golden Bears : RHP Scott Roe
|
Batting: RHB Joe Lewis
|
0-0: Ball 1-0: Called Strike 1-1: Ball 2-1: Ball 3-1: Fly out, F5 (Line Drive, 5)
|
Batting: LHB Will Robinson
|
0-0: Ball 1-0: Called Strike 1-1: Ball 2-1: Foul Ball, location: 2F 2-2: Foul Ball, location: 2F 2-2: Ball 3-2: Foul Ball, location: 2F 3-2: Foul Ball, location: 2F 3-2: Foul Ball, location: 2F 3-2: Foul Ball, location: 2F 3-2: Foul Ball, location: 2F 3-2: Base on Balls
|
Batting: SHB Josh Conner
|
0-0: Called Strike 0-1: Fly out, F9 (Flyball, 89M)
|
Batting: RHB Jason Fuller
|
0-0: Fly out, F7 (Flyball, 7LS)
|
Top of the 3rd over - 0 run(s), 0 hit(s), 0 error(s), 1 left on base; Rocky Point HS 0 - Billings West HS 3 |
BOTTOM OF THE 3RD |
Billings West HS Golden Bears batting - Pitching for Rocky Point HS Eagles : LHP Cy Rowland
|
Batting: LHB Duane Lemay
|
0-0: Reached on error, E6 (Groundball, 6M)
|
Batting: RHB Chris Hall
|
0-0: Foul Ball, location: 2F 0-1: Ball 1-1: Ball 2-1: Foul Ball, location: 2F 2-2: Ball 3-2: Foul Ball, location: 2F 3-2: Base on Balls Duane Lemay to second
|
Batting: LHB Andrew Holt
|
0-0: Ball 1-0: Called Strike 1-1: Foul Ball, location: 2F 1-2: Foul Ball, location: 2F 1-2: SINGLE (Line Drive, 56) Duane Lemay to third Chris Hall to second
|
Batting: RHB Bill Reed
|
0-0: Foul Ball, location: 2F 0-1: Called Strike 0-2: Ball 1-2: Fly out, F9 (Flyball, 89M) Runner from 3rd tags up, SCORES, throw made
|
Batting: SHB Ray O'Dell
|
0-0: Ball 1-0: Ball 2-0: Called Strike 2-1: Ball 3-1: Called Strike 3-2: Base on Balls Chris Hall to third Andrew Holt to second
|
Batting: RHB Jason Nava
|
0-0: Ground out 5-3 (Groundball, 5S) Chris Hall scores Andrew Holt to third Ray O'Dell to second
|
Batting: RHB Dennis Garner
|
0-0: Ball 1-0: Fly out, F3 (Popup, 13S)
|
Bottom of the 3rd over - 2 run(s), 1 hit(s), 1 error(s), 2 left on base; Rocky Point HS 0 - Billings West HS 5 |
TOP OF THE 4TH |
Rocky Point HS Eagles batting - Pitching for Billings West HS Golden Bears : RHP Scott Roe
|
Batting: RHB Jim Sharry
|
0-0: Ball 1-0: Called Strike 1-1: Ball 2-1: Called Strike 2-2: Ball 3-2: Ground out 6-3 (Groundball, 6M)
|
Batting: SHB Ralph Marshall
|
0-0: Called Strike 0-1: Called Strike 0-2: Ball 1-2: SINGLE (Line Drive, 34)
|
Batting: SHB Jean-François St-Amant
|
0-0: Fly out, F8 (Flyball, 78M)
|
Batting: LHB Tom York
|
0-0: Ball 1-0: Ball 2-0: Called Strike 2-1: Ground out 4-3 (Groundball, 34)
|
Top of the 4th over - 0 run(s), 1 hit(s), 0 error(s), 1 left on base; Rocky Point HS 0 - Billings West HS 5 |
BOTTOM OF THE 4TH |
Billings West HS Golden Bears batting - Pitching for Rocky Point HS Eagles : LHP Cy Rowland
|
Batting: RHB Henry Gregory
|
0-0: Called Strike 0-1: Ground out 5-3 (Groundball, 56)
|
Pitching: RHP Emílio Chavarría
|
|
Batting: RHB Cole Boehmer
|
0-0: Called Strike 0-1: Foul Ball, location: 2F 0-2: Ball 1-2: SINGLE (Groundball, 34D)
|
Batting: LHB Duane Lemay
|
0-0: Called Strike 0-1: Ball 1-1: Ball 2-1: Ball 3-1: Base on Balls Cole Boehmer to second
|
Batting: RHB Chris Hall
|
0-0: Called Strike 0-1: Foul Ball, location: 2F 0-2: Ball 1-2: Strikes out swinging
|
Batting: LHB Andrew Holt
|
0-0: Ball 1-0: Ball 2-0: Swinging Strike 2-1: SINGLE (Flyball, 8LS) Cole Boehmer to third Duane Lemay to second Runner from 3rd tries for Home, SAFE, throw made home Duane Lemay to third Andrew Holt to second
|
Batting: RHB Bill Reed
|
0-0: Ball 1-0: Called Strike 1-1: Called Strike 1-2: Ball 2-2: Foul Ball, location: 2F 2-2: Ball 3-2: Fly out, F8 (Flyball, 8RM)
|
Bottom of the 4th over - 1 run(s), 2 hit(s), 0 error(s), 2 left on base; Rocky Point HS 0 - Billings West HS 6 |
TOP OF THE 5TH |
Rocky Point HS Eagles batting - Pitching for Billings West HS Golden Bears : RHP Scott Roe
|
Batting: RHB Bill Bourland
|
0-0: Ball 1-0: Called Strike 1-1: Ball 2-1: Ball 3-1: Swinging Strike 3-2: Fly out, F8 (Flyball, 8RM)
|
Batting: RHB Joe Lewis
|
0-0: Ball 1-0: Ball 2-0: Ball 3-0: Called Strike 3-1: Fly out, F9 (Flyball, 89M)
|
Batting: LHB Will Robinson
|
0-0: Called Strike 0-1: Ball 1-1: SINGLE (Groundball, 6D)
|
Pitching: RHP Danny Ramos
|
|
Batting: SHB Josh Conner
|
0-0: Called Strike 0-1: Ball 1-1: Called Strike 1-2: Strikes out swinging
|
Top of the 5th over - 0 run(s), 1 hit(s), 0 error(s), 1 left on base; Rocky Point HS 0 - Billings West HS 6 |
BOTTOM OF THE 5TH |
Billings West HS Golden Bears batting - Pitching for Rocky Point HS Eagles : RHP Emílio Chavarría
|
Batting: SHB Ray O'Dell
|
0-0: Called Strike 0-1: Swinging Strike 0-2: Ground out 1-3 (Groundball, 15S)
|
Batting: RHB Jason Nava
|
0-0: Ball 1-0: Foul Ball, location: 2F 1-1: Ball 2-1: Ball 3-1: Foul Ball, location: 2F 3-2: SINGLE (Line Drive, 78M)
|
Batting: RHB Dennis Garner
|
0-0: Foul Ball, location: 2F 0-1: Ball 1-1: Ball 2-1: Swinging Strike 2-2: Foul Ball, location: 2F 2-2: Ball 3-2: Base on Balls Jason Nava to second
|
Batting: RHB Henry Gregory
|
0-0: Ball 1-0: Foul Ball, location: 2F 1-1: Foul Ball, location: 2F 1-2: Foul Ball, location: 2F 1-2: Grounds into double play, 6-4-3 (Groundball, 6)
|
Bottom of the 5th over - 0 run(s), 1 hit(s), 0 error(s), 1 left on base; Rocky Point HS 0 - Billings West HS 6 |
TOP OF THE 6TH |
Rocky Point HS Eagles batting - Pitching for Billings West HS Golden Bears : RHP Danny Ramos
|
Batting: RHB Jason Fuller
|
0-0: Ball 1-0: Foul Ball, location: 2F 1-1: Foul Ball, location: 2F 1-2: Ball 2-2: Ball 3-2: Foul Ball, location: 2F 3-2: Strikes out looking
|
Batting: RHB Jim Sharry
|
0-0: Ball 1-0: Ball 2-0: Ball 3-0: Base on Balls
|
Batting: SHB Ralph Marshall
|
0-0: Fly out, F6 (Popup, 6MS)
|
Batting: SHB Jean-François St-Amant
|
0-0: Ball 1-0: Ball 2-0: Ball 3-0: Called Strike 3-1: Swinging Strike 3-2: Foul Ball, location: 2F 3-2: Foul Ball, location: 2F 3-2: SINGLE (Groundball, 34S) Jim Sharry to second Jim Sharry to third
|
Batting: LHB Tom York
|
0-0: Called Strike 0-1: Fly out, F8 (Flyball, 8LM)
|
Top of the 6th over - 0 run(s), 1 hit(s), 0 error(s), 2 left on base; Rocky Point HS 0 - Billings West HS 6 |
BOTTOM OF THE 6TH |
Billings West HS Golden Bears batting - Pitching for Rocky Point HS Eagles : RHP Emílio Chavarría
|
Batting: RHB Cole Boehmer
|
0-0: SOLO HOME RUN (Flyball, 7D), Distance : 368 ft
|
Batting: LHB Duane Lemay
|
0-0: Swinging Strike 0-1: Foul Ball, location: 2F 0-2: Ball 1-2: SINGLE (Line Drive, 34)
|
Batting: RHB Chris Hall
|
0-0: Called Strike 0-1: Ball 1-1: Foul Ball, location: 2F 1-2: Strikes out swinging
|
Pitching: RHP Tracy Key
|
|
Batting: LHB Andrew Holt
|
0-0: Called Strike 0-1: Foul Ball, location: 2F 0-2: Ball 1-2: Ball 2-2: Foul Ball, location: 2F 2-2: Ground out U3 (Groundball, 3) Duane Lemay to second
|
Batting: RHB Bill Reed
|
0-0: Ball 1-0: Foul Ball, location: 2F 1-1: Ball 2-1: Called Strike 2-2: Ball 3-2: Foul Ball, location: 2F 3-2: Strikes out swinging
|
Bottom of the 6th over - 1 run(s), 2 hit(s), 0 error(s), 1 left on base; Rocky Point HS 0 - Billings West HS 7 |
TOP OF THE 7TH |
Rocky Point HS Eagles batting - Pitching for Billings West HS Golden Bears : RHP Danny Ramos
|
Batting: RHB Bill Bourland
|
0-0: Fly out, F4 (Popup, 34)
|
Batting: RHB Joe Lewis
|
0-0: Swinging Strike 0-1: Ball 1-1: Foul Ball, location: 2F 1-2: Ball 2-2: Ball 3-2: SINGLE (Line Drive, 4D)
|
Batting: LHB Will Robinson
|
0-0: SINGLE (Popup, 78S) Joe Lewis to second
|
Batting: SHB Josh Conner
|
0-0: Ball 1-0: Ball 2-0: Ball 3-0: Called Strike 3-1: Foul Ball, location: 2F 3-2: Base on Balls Joe Lewis to third Will Robinson to second
|
Batting: RHB Jason Fuller
|
0-0: Called Strike 0-1: Called Strike 0-2: Ball 1-2: GRAND SLAM HOME RUN (Flyball, 8RXD), Distance : 433 ft
|
Pitching: RHP Ward Hunter
|
|
Batting: RHB Jim Sharry
|
0-0: Called Strike 0-1: Ball 1-1: Foul Ball, location: 2F 1-2: Fly out, F2 (Popup, 23F)
|
Batting: SHB Ralph Marshall
|
0-0: Ball 1-0: Called Strike 1-1: Called Strike 1-2: Ball 2-2: Ground out 4-3 (Groundball, 4M)
|
Top of the 7th over - 4 run(s), 3 hit(s), 0 error(s), 0 left on base; Rocky Point HS 4 - Billings West HS 7 |
BOTTOM OF THE 7TH |
Billings West HS Golden Bears batting - Pitching for Rocky Point HS Eagles : RHP Tracy Key
|
Batting: SHB Ray O'Dell
|
0-0: Called Strike 0-1: Swinging Strike 0-2: Fly out, F8 (Flyball, 8RM)
|
Batting: RHB Jason Nava
|
0-0: Ball 1-0: Foul Ball, location: 2F 1-1: Ball 2-1: Ball 3-1: Base on Balls
|
Batting: RHB Dennis Garner
|
0-0: Called Strike 0-1: Ball 1-1: Ball 2-1: Ball 3-1: Foul Ball, location: 2F 3-2: DOUBLE (Line Drive, 9LS) Jason Nava to third
|
Batting: RHB Henry Gregory
|
0-0: Called Strike 0-1: Ball 1-1: Ball 2-1: Foul Ball, location: 2F 2-2: Strikes out looking
|
Batting: RHB Cole Boehmer
|
0-0: Ball 1-0: Called Strike 1-1: Swinging Strike 1-2: Ball 2-2: Ball 3-2: Strikes out swinging
|
Bottom of the 7th over - 0 run(s), 1 hit(s), 0 error(s), 2 left on base; Rocky Point HS 4 - Billings West HS 7 |
TOP OF THE 8TH |
Rocky Point HS Eagles batting - Pitching for Billings West HS Golden Bears : RHP Ward Hunter
|
Batting: SHB Jean-François St-Amant
|
0-0: Called Strike 0-1: Ball 1-1: Fly out, F6 (Popup, 6)
|
Batting: LHB Tom York
|
Reached via error on a dropped throw, E1
|
Pitching: RHP Lyle Scalise
|
|
Batting: RHB Bill Bourland
|
0-0: SINGLE (Groundball, 25) (infield hit) Tom York to second
|
Batting: RHB Joe Lewis
|
0-0: Called Strike 0-1: SINGLE (Line Drive, 3) Tom York to third Bill Bourland to second
|
Pitching: LHP Kurt Brown
|
|
Batting: LHB Will Robinson
|
0-0: Fly out, F7 (Flyball, 7M) Runner from 3rd tags up, SCORES, throw made
|
Pitching: RHP Shawn Gilliam
|
|
Batting: SHB Josh Conner
|
0-0: Foul Ball, location: 2F 0-1: Foul Ball, location: 2F 0-2: Ball 1-2: Ball 2-2: Ball 3-2: Strikes out swinging
|
Top of the 8th over - 1 run(s), 2 hit(s), 1 error(s), 2 left on base; Rocky Point HS 5 - Billings West HS 7 |
BOTTOM OF THE 8TH |
Billings West HS Golden Bears batting - Pitching for Rocky Point HS Eagles : RHP Tracy Key
|
Batting: LHB Duane Lemay
|
0-0: Foul Ball, location: 2F 0-1: Swinging Strike 0-2: Strikes out looking
|
Pitching: RHP Chet Miller
|
|
Batting: RHB Chris Hall
|
0-0: Swinging Strike 0-1: Ground out 5-3 (Groundball, 5)
|
Batting: LHB Andrew Holt
|
0-0: Ball 1-0: Called Strike 1-1: Foul Ball, location: 2F 1-2: Ball 2-2: Foul Ball, location: 2F 2-2: Ball 3-2: SINGLE (Flyball, 8RS)
|
Batting: RHB Bill Reed
|
0-0: Ball 1-0: Swinging Strike 1-1: Foul Ball, location: 2F 1-2: Foul Ball, location: 2F 1-2: Strikes out swinging
|
Bottom of the 8th over - 0 run(s), 1 hit(s), 0 error(s), 1 left on base; Rocky Point HS 5 - Billings West HS 7 |
TOP OF THE 9TH |
Rocky Point HS Eagles batting - Pitching for Billings West HS Golden Bears : RHP Shawn Gilliam
|
Pitching: RHP Darrell Barnett
|
|
Batting: RHB Jason Fuller
|
0-0: Ball 1-0: Ball 2-0: Called Strike 2-1: Called Strike 2-2: Ball 3-2: Foul Ball, location: 2F 3-2: Foul Ball, location: 2F 3-2: Base on Balls
|
Batting: RHB Jim Sharry
|
0-0: Ball 1-0: Ball 2-0: Foul Ball, location: 2F 2-1: Fly out, F4 (Line Drive, 4)
|
Batting: SHB Ralph Marshall
|
0-0: Swinging Strike 0-1: Swinging Strike 0-2: Ball 1-2: Ball Wild Pitch! Jason Fuller to second 2-2: Ball 3-2: Strikes out swinging
|
Batting: SHB Jean-François St-Amant
|
0-0: Swinging Strike 0-1: Swinging Strike 0-2: Strikes out swinging
|
Top of the 9th over - 0 run(s), 0 hit(s), 0 error(s), 1 left on base; Rocky Point HS 5 - Billings West HS 7 |
|